 Dungeon Crawl Stone Soup version 0.22-a0-305-gd21a89c (webtiles) character file.

1459 inmateoo the Quickloader (level 8, 0/49 HPs)
             Began as a Gargoyle Arcane Marksman on Mar 31, 2018.
             Was a Follower of Okawaru.
             Slain by an orc warrior
             ... wielding the +10 trident "Vaeli" {pierce, rF+ rC++ Str+4 Dex-4}
              (11 damage)
             ... on level 6 of the Dungeon.
             The game lasted 00:08:33 (6752 turns).

inmateoo the Quickloader (Gargoyle Arcane Marksman) Turns: 6752, Time: 00:08:34

Health: 0/49       AC: 19    Str: 15    XL:     8   Next: 76%
Magic:  9/9        EV:  4    Int: 15    God:    Okawaru [*.....]
Gold:   317        SH:  0    Dex: 10    Spells: 8/9 levels left

rFire    . . .     SeeInvis +   i - +2 dagger (drain)
rCold    . . .     Gourm    .   (no shield)
rNeg     + . .     Faith    .   c - +0 plate armour
rPois    ∞         Spirit   .   t - +1 helmet
rElec    +         Reflect  .   (no cloak)
rCorr    .         Harm     .   b - +0 pair of gloves
MR       .....                  k - +0 pair of boots
Stlth    ..........             (no amulet)
HPRegen  0.16/turn              j - ring of see invisible
MPRegen  0.11/turn              (no ring)

@: no status effects
A: negative energy resistance 1, electricity resistance, unbreathing,
petrification resistance, rot immunity, AC +5
a: Heroism, Renounce Religion


You were on level 6 of the Dungeon.
You worshipped Okawaru.
Okawaru was aware of your devotion.
You were not hungry.

You visited 2 branches of the dungeon, and saw 7 of its levels.

You collected 317 gold pieces.

Inventory:

Hand Weapons
 a - a +0 hand crossbow
 i - a +2 dagger of draining (weapon)
 l - a +2 trident of venom
Missiles
 d - 7 bolts
Armour
 b - a +0 pair of gloves (worn)
 c - a +0 plate armour (worn)
 k - a +0 pair of boots (worn)
 t - a +1 helmet (worn)
Jewellery
 j - a ring of see invisible (left hand)
Wands
 q - a wand of digging (5)
Scrolls
 m - 2 scrolls of teleportation
 p - a scroll of fear
 s - a scroll of magic mapping
Potions
 e - 2 potions of lignification {unknown}
 h - a potion of heal wounds {unknown}
 n - a potion of haste {unknown}
 o - 4 potions of flight
 v - a potion of curing
Comestibles
 f - 6 rations


   Skills:
 - Level 5.0 Fighting
 + Level 3.6 Short Blades
 * Level 8.7 Crossbows
 - Level 1.5 Dodging
 - Level 1.0 Spellcasting
 - Level 2.6 Hexes


You had 8 spell levels left.
You knew the following spells:

 Your Spells              Type           Power        Failure   Level  Hunger
a - Corona                Hex            #......      100%        1    ##.....


Dungeon Overview and Level Annotations

Branches:
Dungeon (6/15)             Temple (1/1) D:6

Altars:
Ashenzari
Cheibriados
Dithmenos
Gozag
Hepliaklqana
Makhleb
Okawaru
Qazlal
Uskayaw
Vehumet
Wu Jian
Xom
Yredelemnul
Zin
The Shining One

Shops:
D:4 %   D:5 !

Annotations:
D:4 2 transporters


Innate Abilities, Weirdness & Mutations

You are resistant to torment.
Your stone body is resilient. (AC +5)
You are immune to poison.
You resist negative energy. (rN+)
You are resistant to electric shocks. (rElec)
You can survive without breathing.
You are immune to petrification.
You are immune to rotting.


Message History

An orc warrior is nearby!
The orc warrior shouts!
The orc warrior throws a stone.
The stone hits you.
You see here a stone.
The orc warrior throws a stone.
The stone hits you!
You see here a stone.
The orc warrior drinks a potion.
The orc warrior flickers and vanishes for a moment.
The orc warrior hits you from afar with a fine trident {pierce}.
The orc warrior hits you with a fine trident {pierce}.
You hit the orc warrior but do no damage.
The orc warrior hits you with a fine trident {pierce}!
* * * LOW HITPOINT WARNING * * *
You closely miss the orc warrior.
The orc warrior hits you but does no damage.
You are too injured to fight recklessly!
You hit the orc warrior. You drain the orc warrior!
The orc warrior is lightly wounded.
The orc warrior hits you from afar with a fine trident {pierce}!
You die...

#)# #......##
[)#
##.##...###.##.
###
#.##.......#..
#.##.....###.#
#. #.##### .#
#.#######.#
#.........#
#.#######.###
#...((.@....#
#.#####..o..#
#.# #.....# #.#
......# #.#
.#.....# #.#
#.#.....# #.# #
###.### #. .#


You could see an orc warrior (invisible).

Vanquished Creatures
  3 orc warriors
  3 ogres
  4 bullfrogs (D:6)
  A gnoll sergeant (D:6)
  A bullfrog skeleton (D:5)
  A hound (D:6)
  Jessica (D:2)
  An iguana (D:4)
  4 orc wizards
  3 worker ants
  A worker ant zombie (D:5)
  7 gnolls
  8 adders
  An adder skeleton (D:5)
  5 dart slugs
  6 worms
  6 leopard geckos
  25 orcs
  3 giant cockroaches
  8 goblins
  4 hobgoblins
  6 jackals
  12 kobolds
  2 quokkas
  8 bats
  9 frilled lizards
  A quokka skeleton (D:6)
  6 rats
140 creatures vanquished.

Vanquished Creatures (others)
  A leopard gecko (D:6)
  A quokka (D:6)
2 creatures vanquished.

Grand Total: 142 creatures vanquished

Notes
Turn   | Place    | Note
-------+----------+-------------------------------------------
     0 | D:1      | inmateoo the Gargoyle Arcane Marksman began the quest for the Orb.
     0 | D:1      | Reached XP level 1. HP: 12/12 MP: 2/2
   216 | D:1      | Reached XP level 2. HP: 17/17 MP: 3/3
   356 | D:1      | Reached XP level 3. HP: 22/22 MP: 4/4
  1023 | D:2      | Reached skill level 3 in Crossbows
  1121 | D:2      | Reached XP level 4. HP: 19/28 MP: 5/5
  1240 | D:2      | Found a radiant altar of Vehumet.
  1246 | D:2      | Found a stormy altar of Qazlal.
  1247 | D:2      | Found a hazy altar of Hepliaklqana.
  1819 | D:2      | Noticed Jessica
  1826 | D:2      | Killed Jessica
  1847 | D:2      | Reached XP level 5. HP: 29/32 MP: 6/6
  2138 | D:2      | Reached skill level 4 in Crossbows
  3039 | D:3      | Found a snail-covered altar of Cheibriados.
  3385 | D:4      | Reached XP level 6. HP: 30/38 MP: 7/7
  3458 | D:4      | Found a shattered altar of Ashenzari.
  3486 | D:4      | Found Zaevvug's Food Shop.
  3561 | D:4      | Reached skill level 5 in Crossbows
  3740 | D:4      | Found a transporter.
  3747 | D:4      | Found a transporter.
  3804 | D:4      | Noticed a hungry ghost
  3805 | D:4      | Found an ornate altar of the Wu Jian Council.
  4196 | D:5      | Entered Level 5 of the Dungeon
  4427 | D:5      | Reached XP level 7. HP: 43/44 MP: 8/8
  4441 | D:5      | Reached skill level 5 in Fighting
  4441 | D:5      | Reached skill level 6 in Crossbows
  4976 | D:5      | Found Pine Eke's Distillery.
  5245 | D:6      | Reached skill level 1 in Short Blades
  5299 | D:6      | Reached skill level 7 in Crossbows
  5317 | D:6      | Found a staircase to the Ecumenical Temple.
  5321 | Temple   | Entered the Ecumenical Temple
  5371 | Temple   | Became a worshipper of Warmaster Okawaru
  5526 | D:6      | Reached XP level 8. HP: 42/49 MP: 9/9
  6158 | D:6      | Reached skill level 8 in Crossbows
  6386 | D:6      | Reached * piety under Okawaru
  6752 | D:6      | Identified the +10 trident "Vaeli" {pierce, rF+ rC++ Str+4 Dex-4}
  6752 | D:6      | Slain by an orc warrior

Vault maps used:
D:1:      onia_arrival_mini_maze
D:2:      minitemple, kennysheep_jessica_study
D:3:      cheibriados_altar_1
D:4:      overflow_temple_1_default, gammafunk_temple_overflow_arena,
          lightli_sewer_entry_pipes, serial_shops, shop
D:5:      first_ration, serial_shops, nicolae_shop_waterfront
D:6:      elyvilon_altar_4, temple_hall_moat, minmay_bent
Temple:   regret_index_temple_waves

Skill      XL: |  1  2  3  4  5  6  7  8 |
---------------+-------------------------+-----
Fighting       | 2 3 4 5 |  5.0
Crossbows      | 3 4 5 7 8 |  8.7
Short Blades   | 2 3 |  3.6
Dodging        | |  1.5
Spellcasting   | |  1.0
Hexes          | |  2.6

Action                   |  1- 3 |  4- 6 |  7- 9 || total
-------------------------+-------+-------+-------++-------
Melee: Short sword       |    31 |   157 |       ||   188
       Falchion          |       |   146 |       ||   146
       Dagger            |       |    98 |   300 ||   398
 Fire: Hand crossbow     |   117 |       |       ||   117
  Use: Scroll            |       |     7 |     3 ||    10
  Eat: Chunk             |       |    11 |     9 ||    20
Armor: Chain mail        |    68 |   284 |   114 ||   466
       Robe              |     1 |       |       ||     1
       Plate armour      |       |       |    80 ||    80
Dodge: Dodged            |    45 |   134 |    82 ||   261
       Rpst.: Falchion   |       |    12 |       ||    12

Table legend:
 A = Spawn XP
 B = Non-spawn XP
 C = Spawn XP percentage of total XP
 D = Spawn monster count
 E = Non-spawn monster count
 F = Spawn count percentage of total count
 G = Total turns spent on level
                    A         B        C        D         E        F      G
               +---------+---------+-------+---------+---------+-------+---------
         Total |       0 |    2085 |   0.0 |       0 |     140 |   0.0 |  6752
               +---------+---------+-------+---------+---------+-------+---------
           D:1 |       0 |      67 |   0.0 |       0 |      37 |   0.0 |   964
           D:2 |       0 |     168 |   0.0 |       0 |      27 |   0.0 |  1791
           D:3 |       0 |      63 |   0.0 |       0 |      15 |   0.0 |   589
           D:4 |       0 |     257 |   0.0 |       0 |      16 |   0.0 |   852
           D:5 |       0 |     405 |   0.0 |       0 |      14 |   0.0 |  1677
           D:6 |       0 |    1125 |   0.0 |       0 |      31 |   0.0 |   809
               +---------+---------+-------+---------+---------+-------+---------
